 Dungeon Crawl Stone Soup version 0.30-a0-1082-g70414cbcbb (webtiles) character file.

Game seed: 16164741098376003600

67 billz999 the Changer (level 3, -1/24 HPs)
             Began as a Demonspawn Earth Elementalist on Apr 15, 2023.
             Killed from afar by Terence (8 damage)
             ... with a puff of flame
             ... on level 3 of the Dungeon.
             The game lasted 00:07:28 (2097 turns).

billz999 the Changer (DsEE)                         Turns: 2097, Time: 00:07:28

Health: -1/24      AC:  2    Str:  8    XL:     3   Next: 98%
Magic:  3/6        EV: 12    Int: 24    God:
Gold:   121        SH:  0    Dex: 13    Spells: 2/6 levels left

rFire   . . .      SeeInvis .    f - +0 dagger
rCold   . . .      Faith    .    (no shield)
rNeg    . . .      Spirit   .    a - +0 robe
rPois   .          Reflect  .    (no helmet)
rElec   .          Rampage  .    (no cloak)
rCorr   .                        (no gloves)
Will    .....                    (no boots)
Stlth   ++                       (no amulet)
HPRegen 0.24/turn                n - +6 ring of intelligence
MPRegen 0.10/turn                (no ring)

@: no status effects
A: claws 1, demonic guardian 1
a: no special abilities


You were on level 3 of the Dungeon.
You visited 1 branch of the dungeon, and saw 3 of its levels.

You collected 121 gold pieces.

Inventory:

Hand Weapons
 e - a +0 falchion
 f - a +0 dagger (weapon)
Armour
 a - a +0 robe (worn)
Jewellery
 n - a +6 ring of intelligence (left claw)
Scrolls
 g - a scroll of blinking {unknown}
 h - a scroll of fear {unknown}
 i - 2 scrolls of teleportation {unknown}
 j - a scroll of fog {unknown}
 l - a scroll of identify {unknown}
 m - a scroll of noise {unknown}
 o - a scroll of enchant weapon {unknown}
Potions
 b - a potion of magic
 c - a potion of haste {unknown}
 d - 2 potions of heal wounds {unknown}
 k - a potion of invisibility {unknown}


   Skills:
 - Level 1.7 Dodging
 - Level 1.7 Stealth
 - Level 2.0 Spellcasting
 + Level 2.1 Conjurations
 - Level 2.8 Transmutations
 - Level 2.6 Earth Magic


You had 2 spell levels left.
You knew the following spells:

 Your Spells              Type           Power      Damage    Failure   Level
a - Sandblast             Erth           30%        2d9       4%          1
b - Stone Arrow           Conj/Erth      26%        3d8       14%         3

Your spell library contained the following spells:

 Spells                   Type           Power      Damage    Failure   Level
 Passwall                 Tmut/Erth      12%        N/A       6%          2
 Petrify                  Tmut/Erth      15%        N/A       36%         4


Dungeon Overview and Level Annotations

Branches:
Dungeon (3/15)

Altars:

Shops:
D:3 !*

Annotations:
D:2 1 runed translucent door, Crazy Yiuf
D:3 Terence


Innate Abilities, Weirdness & Mutations

You have sharp fingernails.
A weak demonic guardian rushes to your aid.


Message History

Confirm with . or Enter, or press ? or * to list all spells.
Aiming: Sandblast (safe; 6% risk of failure)
Press: ? - help, Shift-Dir - straight line, f - endoplasm
Aim: an endoplasm (98% to hit)
You miscast Sandblast.
You are very lightly contaminated with residual magic.
Nothing appears to happen.
Terence hits you with a +2 flail of protection!
You feel clever.
n - a +6 ring of intelligence (left claw) Terence hits you with a +2 flail of protection.
A demonic guardian appears!
Casting: Sandblast (safe; 4% risk of failure)
Confirm with . or Enter, or press ? or * to list all spells.
The spell is quite dangerous to miscast (14% risk of failure)!
Continue anyway?
Okay, then.
Casting: Stone Arrow (quite dangerous; 14% risk of failure)
Confirm with . or Enter, or press ? or * to list all spells.
The spell is quite dangerous to miscast (14% risk of failure)!
Continue anyway?
Aiming: Stone Arrow (quite dangerous; 14% risk of failure)
Press: ? - help, Shift-Dir - straight line, f/p - endoplasm
Aim: an endoplasm (97% to hit)
The stone arrow misses Terence.
The stone arrow hits the endoplasm!
You kill the endoplasm!
Terence barely misses you.
Unknown command.
Your iron imp barely misses Terence.
Terence zaps a wand.
The puff of flame misses you.
Casting: Stone Arrow (quite dangerous; 14% risk of failure)
Confirm with . or Enter, or press ? or * to list all spells.
You don't have enough magic to cast this spell.
Terence zaps a wand.
The puff of flame hits you.
* * * LOW HITPOINT WARNING * * *
Your magical contamination has completely faded away.
A quokka and a hobgoblin come into view.
Found a dagger.
An endoplasm comes into view.
The endoplasm quivers.
Terence zaps a wand.
The puff of flame hits you!
You die...

###.....## #$....<..#
#[.......## ....
#..........##.#.
#>.......#.#...
############.........###
#......####..#####.#.#..
#...........)...##.....#
#......@#####...........
#..J.r.....#####...#....
#.g....###.......(...###
#..)... ##@...##.....).
##########.∩#..##.......
#####...##.##..#....#
######....@####.##.......#
#...8...<.5.........##..##
##..8.8...###5##....###....


You could see Terence, an endoplasm, a quokka (wandering) and a hobgoblin
(asleep).

Vanquished Creatures
  An adder (D:2)
  A worm (D:2)
  An orc (D:2)
  7 endoplasms
  A giant cockroach (D:1)
  4 goblins
  4 hobgoblins
  3 jackals (D:1)
  2 quokkas (D:2)
  4 ball pythons
  3 bats
  4 frilled lizards
  9 kobolds
  4 rats
  A spectral kobold (D:1)
49 creatures vanquished.

Vanquished Creatures (collateral kills)
  A giant cockroach (D:2)
  A goblin (D:2)
  A hobgoblin (D:2)
3 creatures vanquished.

Grand Total: 52 creatures vanquished

Notes
Turn   | Place    | Note
-------+----------+-------------------------------------------
     0 | D:1      | billz999 the Demonspawn Earth Elementalist began the quest
                  | for the Orb.
     0 | D:1      | Reached XP level 1. HP: 13/13 MP: 3/3
    10 | D:1      | Reached skill level 1 in Transmutations
   212 | D:1      | Found a faded altar of an unknown god.
   286 | D:1      | Gained mutation: You have sharp fingernails. [demonic
                  | ancestry]
   286 | D:1      | Reached XP level 2. HP: 19/19 MP: 0/5
   857 | D:2      | Gained mutation: A weak demonic guardian rushes to your
                  | aid. [demonic ancestry]
   857 | D:2      | Reached XP level 3. HP: 21/24 MP: 3/6
   943 | D:2      | Learned a level 3 spell: Stone Arrow
  1167 | D:2      | Reached skill level 1 in Conjurations
  1391 | D:2      | Found a runed translucent door.
  1392 | D:2      | Noticed Crazy Yiuf
  1844 | D:3      | Noticed Terence
  2012 | D:3      | Found Zakkiowau's General Store.
  2032 | D:3      | Found Dopor's Distillery.
  2097 | D:3      | Killed from afar by Terence

Illustrated notes

Levels and vault maps discovered:
D:1:      wander_arrival_lonely_grave, layout_rooms,
          dreamdust_ecumenical_altar_drowned_temple, item_on_display_a
D:2:      layout_loops_cross, roderic_roman_lattice, grunt_decor_mini_mirrors,
          hangedman_feature_mirror, minmay_tetromino_t4, uniq_crazy_yiuf_cottage
D:3:      layout_rooms, serial_shops, shop, nicolae_diamond_shop, uniq_terence

Skill      XL: |  1  2  3 |
---------------+----------+-----
Transmutations | 1 2 |  2.8
Conjurations   | 2 |  2.1
Dodging        | |  1.7
Stealth        | |  1.7
Spellcasting   | |  2.0
Earth Magic    | |  2.6

Action                     || total
---------------------------++-------
  Melee: Falchion          ||     3
         Dagger            ||     2
   Cast: Sandblast         ||    75
         Stone Arrow       ||     1
 Armour: Robe              ||    11
  Dodge: Dodged            ||    34

Table legend: (Time is in decaauts)
 A = Elapsed time spent in this place.
 B = Non-inter-level travel time spent in this place.
 C = Inter-level travel time spent in this place.
 D = Time resting spent in this place.
 E = Time spent auto-exploring this place.
 F = Levels seen in this place.
 G = Mean time per level.
                   A        B        C        D        E       F      G
               +--------+--------+--------+--------+--------+-----+--------+
         Total |   2134 |   2071 |     63 |    191 |   1532 |   3 |  711.3 |
       Dungeon |   2134 |   2071 |     63 |    191 |   1532 |   3 |  711.3 |
               +--------+--------+--------+--------+--------+-----+--------+

Top non-repeatable levels by time:
     D:2: 1043 daAuts
     D:1: 862 daAuts
     D:3: 229 daAuts
